 Dungeon Crawl Stone Soup version 0.16.1-12-gf5c4a84 (webtiles) character file.

234 hulla the Changer (level 6, 0/41 HPs)
             Began as an Octopode Transmuter on Apr 9, 2015.
             Splashed by a jelly's acid (15 damage)
             ... on level 6 of the Dungeon.
             The game lasted 00:13:15 (3311 turns).

hulla the Changer (Octopode Transmuter)             Turns: 3311, Time: 00:13:18

Health: 0/41       AC:  0    Str:  9    XL:     6   Next: 5%
Magic:  10/10      EV: 12    Int: 17    God:
Gold:   123        SH:  0    Dex: 13    Spells: 3 memorised, 3 levels left

rFire  . . .     SeeInvis .       - Unarmed
rCold  + . .     Clarity  .     (no shield)
rNeg   . . .     SustAb   .     (helmet restricted)
rPois  .         Gourm    .     (no amulet)
rElec  .         Spirit   .     e - -5 ring of protection (curse)
rCorr  .         Warding  .     (no ring)
rMut   .         Stasis   .     (no ring)
MR     .....                    (no ring)
Stlth  ++........               (no ring)
                                (no ring)
                                (no ring)
                                (no ring)

@: not resistant to hostile enchantments, unstealthy
A: almost no armour, amphibious, 8 rings, constrict 8, iridescent scales 1,
camouflage 1, cold resistance 1, deformed body, gelatinous body 1
a: no special abilities


You were on level 6 of the Dungeon.
You were very hungry.

You visited 1 branch of the dungeon, and saw 5 of its levels.

You collected 123 gold pieces.

Inventory:

Missiles
 b - 12 arrows
 c - 8 needles of paralysis
Jewellery
 e - a cursed -5 ring of protection (left tentacle)
 g - an uncursed amulet of guardian spirit {unknown}
Scrolls
 h - 2 scrolls of teleportation
 l - a scroll of fear
Potions
 i - a potion of haste
Books
 d - a book of Changes

   Spells                             Type                      Level
   a - Beastly Appendage              Transmutation                1
   b - Sticks to Snakes               Transmutation                2
   c - Spider Form                    Transmutation/Poison         3
   d - Ice Form                       Ice/Transmutation            4
   e - Blade Hands                    Transmutation                5
Comestibles
 a - a bread ration
 f - 2 meat rations


   Skills:
 + Level 2.9 Fighting
 - Level 2.0 Dodging
 - Level 3.0 Unarmed Combat
 - Level 2.0 Spellcasting
 - Level 4.0 Transmutations
 - Level 4.0 Poison Magic


You had 3 spell levels left.
You knew the following spells:

 Your Spells              Type           Power        Failure   Level  Hunger
a - Beastly Appendage     Trmt           ###...       3%          1    #......
b - Spider Form           Trmt/Pois      ###.......   12%         3    ###....
c - Sticks to Snakes      Trmt           ###.......   6%          2    ###....


Dungeon Overview and Level Annotations

Branches:
Dungeon (6/15)
 Temple: D:4-7

Altars:
Cheibriados
Xom

Shops:
D:6 (

Annotations:
D:5 Grinder


Innate Abilities, Weirdness & Mutations

You cannot wear most types of armour.
You are amphibious.
You can wear up to eight rings at the same time.
You can use your tentacles to constrict many enemies at once.
Your skin changes colour to match your surroundings (Stealth).
Your rubbery body absorbs attacks (AC +1).
You are partially covered in iridescent scales (AC +4).
Your flesh is cold resistant.
Your body is misshapen.


Message History

[Y]es or [N]o only, please.
Are you sure you want to cancel this blink?
Blink to where?
Press: ? - help, Dir - move target cursor, f - you Are you sure you want to cancel this blink? [Y]es or [N]o only, please.
Are you sure you want to cancel this blink?
Blink to where?
Press: ? - help, Dir - move target cursor, f - you Are you sure you want to cancel this blink?
Okay, then.
As you read the scroll labeled PNUALO RECA, it crumbles to dust.
It was a scroll of blinking.
The centaur zombie hits you. x2
The kobold hits you.
You climb downwards.
The jelly hits you.
You are splashed with acid!
The acid burns!
The jelly jiggles.
The jelly hits you.
You are splashed with acid!
The acid burns!
You die...

####...# *,***,*,* *,,,, ####
#...# *.#*,,*,* ***** ...## #...#
*.#*.**,* ....# #...#####.##.#*,*
***** ....######...#...#....,,,*
*,,,,
....................#,*******,,,,
.........<..........#,* *,,,,,,,,
...............J.K..#,***,***,,,,
...#####.#...#..@##.#,,**,* *,,,,
#.## #.#...#.###*,**,**,* *****
### #.#...#.#***,**,**,****
#.#...#.#,,,,,,,,,,,,,*
####.#...#.#,**,**,,*,**,*
#.....∩....#,**,,>,,,,**,*
#.####...###,*****,,****,**
###.######## *,*****,.,,,,,,*
#......######*,,,,,..#,*,**,***


You could see a jelly and a kobold.

Vanquished Creatures
  2 scorpions (D:6)
  A hound (D:6)
  5 adders (D:2)
  3 worms (D:2)
  2 giant geckos
  2 ball pythons (D:2)
  A bat skeleton (D:6)
  5 goblins (D:2)
  5 hobgoblins
  3 kobolds (D:2)
  An ooze (D:2)
  A quokka (D:6)
  9 bats
  A giant cockroach (D:1)
  3 giant newts
  5 rats
49 creatures vanquished.

Notes
Turn   | Place    | Note
--------------------------------------------------------------
     0 | D:1      | hulla, the Octopode Transmuter, began the quest for the Orb.
     0 | D:1      | Reached XP level 1. HP: 13/13 MP: 3/3
   200 | D:1      | Found a shimmering altar of Xom.
   277 | D:1      | Reached XP level 2. HP: 15/18 MP: 4/4
   295 | D:1      | Gained mutation: Your body is misshapen. [potion of mutation]
   295 | D:1      | Gained mutation: You are partially covered in iridescent scales (AC +4). [potion of mutation]
   295 | D:1      | Gained mutation: Your flesh is cold resistant. [potion of mutation]
   806 | D:2      | Reached XP level 3. HP: 20/23 MP: 4/6
  1047 | D:2      | Learned a level 3 spell: Spider Form
  1050 | D:2      | Learned a level 2 spell: Sticks to Snakes
  1410 | D:2      | Reached skill level 1 in Poison Magic
  1658 | D:2      | Reached XP level 4. HP: 10/28 MP: 7/7
  1906 | D:2      | Found a snail-covered altar of Cheibriados.
  2013 | D:2      | Reached skill level 4 in Transmutations
  2579 | D:3      | You fall through a shaft for 3 floors!
  2597 | D:6      | Reached XP level 5. HP: 15/34 MP: 9/9
  2799 | D:6      | Reached XP level 6. HP: 21/41 MP: 8/10
  2960 | D:6      | Found Afean's Antique Weapon Boutique.
  2979 | D:6      | Noticed a phantom
  2996 | D:5      | Entered Level 5 of the Dungeon
  3004 | D:5      | Noticed Grinder
  3311 | D:6      | Splashed by a jelly's acid

Action                   |  1- 3 |  4- 6 || total
-------------------------+-------+-------++-------
Melee: Unarmed           |    69 |    72 ||   141
 Cast: Beastly Appendage |    14 |     6 ||    20
       Spider Form       |     1 |     8 ||     9
  Use: Scroll            |     3 |     3 ||     6
       Potion            |     5 |     3 ||     8
 Stab: Sleeping          |     2 |       ||     2
  Eat: Chunk             |     3 |     5 ||     8
